 Dungeon Crawl Stone Soup version 0.26.0-18-gc5c842f807 (webtiles) character file.

Game seed: 7554666685078837210

4 thiole the Magician (level 1, 0/11 HPs)
             Began as an Octopode Hedge Wizard on Jan 23, 2021.
             Slain by a kobold
             ... wielding a +0 club
              (4 damage)
             ... on level 1 of the Dungeon.
             The game lasted 00:00:14 (222 turns).

thiole the Magician (Octopode Hedge Wizard)          Turns: 222, Time: 00:00:15

Health: 0/11       AC:  1    Str:  9    XL:     1   Next: 60%
Magic:  0/4        EV: 13    Int: 16    God:
Gold:   7          SH:  0    Dex: 11    Spells: 5/6 levels left

rFire    . . .     SeeInvis .   a - +0 dagger
rCold    . . .     Faith    .   (no shield)
rNeg     . . .     Spirit   .   b - +0 hat
rPois    .         Reflect  .   (no amulet)
rElec    .         Harm     .   (no ring)
rCorr    .         Rampage  .   (no ring)
Will     .....                  (no ring)
Stlth    +++.......             (no ring)
HPRegen  0.03/turn              (no ring)
MPRegen  0.09/turn              (no ring)
                                (no ring)
                                (no ring)

@: no status effects
A: almost no armour, stealthy swim, amphibious, 8 rings, constrict 8, camouflage
1, gelatinous body 1
a: no special abilities


You were on level 1 of the Dungeon.
You visited 1 branch of the dungeon, and saw 1 of its levels.

You collected 7 gold pieces.

Inventory:

Hand Weapons
 a - a +0 dagger (weapon)
Armour
 b - a +0 hat (worn)


   Skills:
 - Level 2.0 Dodging
 + Level 2.8 Stealth
 + Level 3.0 Spellcasting
 * Level 1.2 Conjurations
 * Level 1.2 Summonings
 - Level 1.0 Translocations


You had 5 spell levels left.
You knew the following spells:

 Your Spells              Type           Power        Failure   Level
a - Magic Dart            Conj           24%          12%         1

Your spell library contained the following spells:

 Spells                   Type           Power        Failure   Level
 Call Imp                 Summ           6%           17%         2
 Blink                    Tloc           N/A          19%         2
 Slow                     Hex            2%           28%         2
 Conjure Flame            Conj/Fire      4%           41%         3
 Mephitic Cloud           Conj/Pois/Air  3%           43%         3


Dungeon Overview and Level Annotations

Branches:
Dungeon (1/15)

Altars:


Innate Abilities, Weirdness & Mutations

You cannot wear most types of armour.
You are very stealthy in the water. (Stealth+)
You are amphibious.
You can wear up to eight rings at the same time.
You can use your tentacles to constrict eight enemies at once.
Your skin changes colour to match your surroundings (Stealth+).
Your rubbery body absorbs attacks. (AC +1, EV +1)


Message History

A kobold is nearby!
Casting: Magic Dart (safe; 12% risk of failure)
Confirm with . or Enter, or press ? or * to list all spells.
You don't have enough magic to cast that spell.
A kobold is nearby!
You are too injured to fight recklessly!
A kobold is nearby!
Casting: Magic Dart (safe; 12% risk of failure)
Confirm with . or Enter, or press ? or * to list all spells.
You don't have enough magic to cast that spell.
A kobold is nearby!
You are too injured to fight recklessly!
A kobold is nearby!
Casting: Magic Dart (safe; 12% risk of failure)
Confirm with . or Enter, or press ? or * to list all spells.
You don't have enough magic to cast that spell.
You hit the kobold but do no damage. Your grab misses the kobold.
The kobold is heavily wounded.
The kobold hits you with a +0 club.
You die...

######## #####
#......###...#
#.####..##...#
#.#.#........####
#####.(#.#.###.......
####.....####.# #.......
..............###.....♣♣
.####..@.............♣♣♣
#.K.†...########.♣P.
#................♣♣[
.........########.♣..
..#.......# ##♣..
....#.......# #.♣. ...
...##.### # #... #. ##.#
.# ..#... ......


You could see a kobold.

Vanquished Creatures
  2 bats (D:1)
  A kobold (D:1)
  2 rats (D:1)
5 creatures vanquished.

Notes
Turn   | Place    | Note
-------+----------+-------------------------------------------
     0 | D:1      | thiole the Octopode Hedge Wizard began the quest for the
                  | Orb.
     0 | D:1      | Reached XP level 1. HP: 11/11 MP: 4/4
    10 | D:1      | Noticed a merfolk zombie
    16 | D:1      | Noticed a minotaur zombie
    16 | D:1      | Noticed a ghoul
   222 | D:1      | Slain by a kobold

Illustrated notes

Levels and vault maps discovered:
D:1:      shiori_arrival_whats_in_store_for_you, layout_rooms, serial_forest,
          infiniplex_forest_end_1, infiniplex_forest_end_double,
          infiniplex_forest_lined_3_way, infiniplex_forest_end_double,
          infiniplex_forest_lined_2, infiniplex_forest_clump_double,
          infiniplex_forest_corner_1, minmay_misc_feat_tiny

Action                   || total
-------------------------++-------
Melee: Dagger            ||     1
 Cast: Magic Dart        ||     9
